 Dungeon Crawl Stone Soup version 0.29.1-15-g9cfb28693d (webtiles) character file.

Game seed: 5661440092336310169

756 croobank the Nimble (level 7, -1/30 (76) HPs)
             Began as a Demonspawn Fire Elementalist on Mar 30, 2023.
             Slain by Edmund
             ... wielding a +2 flail of draining
              (2 damage)
             ... on level 4 of the Dungeon on Mar 31, 2023.
             The game lasted 00:45:09 (3541 turns).

croobank the Nimble (Demonspawn Fire Elementalist)  Turns: 3541, Time: 00:45:09

HP:   -1/30 (76)    AC: 31    Str:  8    XL:     7   Next: 50%
MP:   1/11          EV: -1    Int: 19    God:
Gold: 124           SH:  4    Dex: 13    Spells: 9/12 levels left

rFire   . . .      SeeInvis .   d - +0 dagger
rCold   . . .      Faith    .   (no shield)
rNeg    . . .      Spirit   .   (body armour currently unavailable)
rPois   +          Reflect  .   (helmet currently unavailable)
rElec   .          Harm     .   (cloak currently unavailable)
rCorr   .          Rampage  .   (gloves currently unavailable)
Will    .....      NoTele   +   (boots currently unavailable)
Stlth   ++........              c - amulet of regeneration
HPRegen 0.90/turn               (no ring)
MPRegen 0.12/turn               (no ring)

@: brilliant, tree-form (expiring), grasped by roots, constricted, extremely
drained
A: stationary, stasis, torment immunity, boosted hp, icemail 2, condensation
shield
a: no special abilities


You were on level 4 of the Dungeon.
You were a tree.
You visited 1 branch of the dungeon, and saw 4 of its levels.

You collected 124 gold pieces.

Inventory:

Hand Weapons
 d - a +0 dagger (weapon)
 l - a +0 short sword
Missiles
 f - 3 poisoned darts
 j - 4 silver javelins
 q - 2 atropa-tipped darts
Armour
 a - a +0 robe (melded)
Jewellery
 c - an amulet of regeneration (around neck)
Potions
 k - 2 potions of attraction
 n - 2 potions of cancellation
 p - a potion of lignification


   Skills:
 + Level 2.3 Fighting
 + Level 11.8 Dodging
 + Level 3.1 Stealth
 + Level 3.1 Spellcasting
 + Level 2.8 Conjurations
 + Level 3.7 Fire Magic


You had 9 spell levels left.
You knew the following spells:

 Your Spells              Type           Power      Damage    Failure   Level
a - Foxfire               Conj/Fire      92%        2x1d8     4%          1
b - Scorch                Fire           50%        2d8       4%          2

Your spell library contained the following spells:

 Spells                   Type           Power      Damage    Failure   Level
 Conjure Flame            Conj/Fire      23%        6-21      12%         3
 Slow                     Hex            16%        N/A       16%         1
 Sting                    Tmut/Pois      16%        1d3       16%         1
 Poisonous Vapours        Pois/Air       8%         N/A       22%         2
 Inner Flame              Hex/Fire       15%        N/A       22%         3
 Ignite Poison            Fire/Tmut/Pois 11%        N/A       26%         3
 Flame Wave               Conj/Fire      23%        2d8       36%         4
 Sticky Flame             Conj/Fire      23%        2d4       36%         4
 Confusing Touch          Hex            4%         N/A       41%         3
 Vampiric Draining        Necr           4%         2d6       41%         3
 Olgreb's Toxic Radiance  Pois           4%         N/A       83%         4


Dungeon Overview and Level Annotations

Branches:
Dungeon (4/15)
 Temple: D:4-7

Altars:

Annotations:
D:4 Edmund


Innate Abilities, Weirdness & Mutations

You are a tree.
Your roots penetrate the ground, keeping you stationary.
You cannot be teleported.
You are immune to unholy pain and torment.
Your maximum health is greatly increased.
Your equipment is partially melded.
A meltable icy envelope protects you from harm. (AC +8)
A meltable shield of frost defends you. (SH +4)


Message History

You feel drained.
You hit Edmund.
Edmund is lightly wounded.
Your transformation is almost over.
The orc priest hits you but does no damage.
Edmund hits you but does no damage.
You feel drained.
You closely miss Edmund.
Edmund is lightly wounded.
The orc priest hits you but does no damage.
Edmund hits you but does no damage.
You feel drained.
You barely miss Edmund.
Edmund is lightly wounded.
Edmund zaps a wand.
The roots erupt in riotous growth!
The grasping roots grab you!
The orc priest is unaffected.
Edmund is unaffected.
The grasping roots constrict you.
The orc priest invokes the aid of Beogh against you.
Beogh smites you!
Level annotation: Edmund Welcome back, croobank the Demonspawn Fire Elementalist.
Press ? for a list of commands and other information.
You closely miss Edmund.
Edmund is lightly wounded.
Edmund hits you but does no damage.
You feel drained. The grasping roots constrict you.
The orc priest hits you but does no damage.
You hit Edmund.
Edmund is lightly wounded.
Edmund hits you but does no damage.
You feel drained. The grasping roots constrict you.
The orc priest hits you but does no damage.
You hit Edmund but do no damage.
Edmund is lightly wounded.
The orc priest invokes the aid of Beogh against you.
Beogh smites you!
* * * LOW HITPOINT WARNING * * *
Edmund hits you with a +2 flail of draining.
* * * LOW HITPOINT WARNING * * *
You feel drained.
You die...

#............# *,* *
*******##............#
*,* *
*,,,,,,,.............#
*,* *
*********............#
*,# *
*,...........####.###
*,,)g(...............
***#o#########.######
#o# #.# #♣# #.# #@#
#.# #.# #.#
#.#########.#
#..§§§§§§§..#
#############


You could see Edmund, an orc priest, an orc and a goblin.

Vanquished Creatures
  Grinder (D:3)
  A jelly (D:4)
  Robin (D:2)
  3 gnolls (D:2)
  4 adders
  An ufetubus (D:3)
  2 worms (D:3)
  A dart slug (D:1)
  3 orcs (D:4)
  8 endoplasms
  4 giant cockroaches
  11 goblins
  7 hobgoblins
  7 jackals
  3 quokkas
  7 ball pythons
  8 bats
  2 frilled lizards
  6 kobolds
  5 rats
85 creatures vanquished.

Vanquished Creatures (others)
  170 foxfires
170 creatures vanquished.

Grand Total: 255 creatures vanquished

Notes
Turn   | Place    | Note
-------+----------+-------------------------------------------
     0 | D:1      | croobank the Demonspawn Fire Elementalist began the quest
                  | for the Orb.
     0 | D:1      | Reached XP level 1. HP: 13/13 MP: 3/3
   219 | D:1      | Gained mutation: A meltable shield of frost defends you.
                  | (SH +4) [demonic ancestry]
   219 | D:1      | Reached XP level 2. HP: 12/19 MP: 0/5
   512 | D:1      | Reached skill level 2 in Dodging
   645 | D:1      | Learned a level 2 spell: Scorch
   962 | D:2      | Reached XP level 3. HP: 25/25 MP: 2/6
  1057 | D:2      | Found a faded altar of an unknown god.
  1674 | D:2      | Reached skill level 1 in Fighting
  1676 | D:2      | Gained mutation: A meltable icy envelope protects you from
                  | harm. (AC +8) [demonic ancestry]
  1676 | D:2      | Reached XP level 4. HP: 16/32 MP: 0/7
  1997 | D:3      | Noticed Robin
  2325 | D:2      | Killed Robin
  2702 | D:3      | Reached XP level 5. HP: 37/37 MP: 4/9
  3019 | D:3      | Noticed Grinder
  3031 | D:3      | Killed Grinder
  3032 | D:3      | Gained mutation: A meltable icy envelope protects you from
                  | harm. (AC +8) [demonic ancestry]
  3032 | D:3      | Reached XP level 6. HP: 44/44 MP: 1/10
  3458 | D:4      | Noticed Edmund
  3507 | D:4      | Reached skill level 11 in Dodging
  3507 | D:4      | Reached XP level 7. HP: 29/50 MP: 1/11
  3541 | D:4      | HP: 1/31 [Edmund/+2 flail of draining (5)]
  3541 | D:4      | Slain by Edmund

Illustrated notes

Levels and vault maps discovered:
D:1:      eino_arrival_water_cross, layout_basic, hangedman_decor_growths
D:2:      layout_basic, ebering_ecumenical_altar_ruins
D:3:      layout_rooms, uniq_robin, uniq_grinder
D:4:      layout_basic, mainiacjoe_overflow_24_doors, uniq_ijyb,
          uniq_crazy_yiuf_cottage, uniq_edmund, uniq_sigmund

Skill      XL: |  1  2  3  4  5  6 |
---------------+-------------------+-----
Stealth        | 2 3 |  3.1
Dodging        | 2 11 | 11.8
Fire Magic     | 3 |  3.7
Fighting       | 1 2 |  2.3
Conjurations   | 2 |  2.8
Spellcasting   | 3 |  3.1

Action                   |  1- 3 |  4- 6 |  7- 9 || total
-------------------------+-------+-------+-------++-------
Melee: Unarmed           |    11 |       |       ||    11
       Dagger            |    10 |    50 |    29 ||    89
       Punch             |       |     3 |       ||     3
 Cast: Foxfire           |    48 |    49 |       ||    97
       Scorch            |    14 |    25 |     4 ||    43
  Use: Scroll            |     3 |     8 |       ||    11
       Potion            |       |     5 |     1 ||     6
 Stab: Sleeping          |     2 |     1 |       ||     3
Armor: Robe              |     4 |    46 |       ||    50
       Skin              |       |     3 |    39 ||    42
Dodge: Dodged            |    20 |    84 |     3 ||   107
Block: Other             |     4 |    14 |     8 ||    26
